[Event "AUT Bundesliga 2024-25"]
[Site "Austria"]
[Date "2025.04.04"]
[Round "8.21"]
[White "Erdos, Viktor"]
[Black "Blohberger, Felix"]
[Result "1/2-1/2"]
[Annotator "RC"]
[ECO "C75"]
[WhiteElo "2542"]
[BlackElo "2511"]
[PlyCount "153"]
[EventDate "2024.08.28"]
[EventType "team-tourn"]
[EventCountry "AUT"]
[SourceTitle "playchess.com"]
[Source "ChessBase"]
[SourceQuality "1"]
[TimeControl "40/5400+30:1800+30"]

1. e4 e5 2. Nf3 Nc6 3. Bb5 a6 4. Ba4 d6 5. O-O Bd7 6. c3 Nge7 7. d4 Ng6 8. Be3 Be7 9. Nbd2 O-O 10. a3 Kh8 11. Re1 a5 12. Rc1 Nh4 13. Nxh4 Bxh4 14. Nf3 Bf6 15. d5 Nb8 16. c4 b6 17. Bxd7 Nxd7 18. b4 axb4 19. axb4 Be7 20. Qc2 Qc8 21. Ra1 Qb7 22. h3 Ra6 23. Ra4 Rfa8 24. Rea1 R8a7 25. Ne1 Qa8 26. Rxa6 Rxa6 27. Rxa6 Qxa6 28. Nd3 Qa1+ 29. Kh2 g6 30. c5 bxc5 31. bxc5 Nxc5 32. Nxc5 dxc5 33. Bxc5 Bg5 34. Bb4 Qa7 35. Qc5 Qxc5 36. Bxc5 f5 37. f3 Kg7 38. Bb4 Be3 39. Be7 Ba7 40. Bd8 Bb8 41. Kg3 Kf7 42. Kh4 h6 43. exf5 gxf5 44. Kh5 Kg7 45. Bh4 Ba7 46. Bd8 Bb8 47. Bh4 Ba7 48. Be1 e4 49. fxe4 fxe4 50. Kg4 Kg6 51. Kf4 e3 52. Kf3 Bb6 53. Bg3 Kf5 54. Bf4 h5 55. g4+ hxg4+ 56. hxg4+ Kf6 57. Ke2 Ke7 58. Kd3 Kf6 59. Ke2 Ke7 60. Be5 Kf7 61. Kf3 Kg6 62. Bb2 Kg5 63. Bc3 Kg6 64. Be5 Kg5 65. Bg3 e2 66. Bf4+ Kh4 67. Bg3+ Kg5 68. Bf4+ Kh4 69. Bd2 Bc5 70. Be1+ Kg5 71. Bd2+ Kh4 72. Ba5 Bd6 73. Be1+ Kg5 74. Bd2+ Kh4 75. g5 e1=Q 76. Bxe1+ Kxg5 77. Ke4 1/2-1/2

[Event "AUT Bundesliga 2024-25"]
[Site "Austria"]
[Date "2025.04.04"]
[Round "8.22"]
[White "Peyrer, Konstantin"]
[Black "Sankalp Gupta"]
[Result "0-1"]
[Annotator "RC"]
[ECO "A21"]
[WhiteElo "2451"]
[BlackElo "2548"]
[PlyCount "96"]
[EventDate "2024.08.28"]
[EventType "team-tourn"]
[EventCountry "AUT"]
[SourceTitle "playchess.com"]
[Source "ChessBase"]
[SourceQuality "1"]
[TimeControl "40/5400+30:1800+30"]

1. c4 e5 2. Nc3 Bb4 3. Nd5 a5 4. a3 Bc5 5. e3 d6 6. Nf3 Nd7 7. d4 Ba7 8. Qc2 c6 9. Nc3 Ngf6 10. Bd2 O-O 11. O-O-O Re8 12. h4 e4 13. Ng5 d5 14. f3 h6 15. Nh3 Nf8 16. Nf2 c5 17. dxc5 exf3 18. gxf3 Bxc5 19. cxd5 Bxe3 20. Nfe4 Bxd2+ 21. Rxd2 Ng6 22. h5 Ne5 23. Bb5 Nxe4 24. fxe4 Bd7 25. Bxd7 Qxd7 26. Rg2 Nf3 27. Qd3 Ng5 28. Kb1 Re5 29. Rc1 Rae8 30. d6 f6 31. a4 Rc8 32. Rgc2 Rc6 33. Nb5 Nxe4 34. Rxc6 bxc6 35. Qc4+ Kf8 36. Qxc6 Nd2+ 37. Ka1 Nb3+ 38. Kb1 Qf5+ 39. Rc2 Nd2+ 40. Kc1 Nb3+ 41. Kb1 Nd2+ 42. Kc1 Qf1+ 43. Kxd2 Qf2+ 44. Kd3 Re3+ 45. Kd4 Re2+ 46. Kd5 Qf3+ 47. Kd4 Qf4+ 48. Kd5 Re5# 0-1

[Event "AUT Bundesliga 2024-25"]
[Site "Austria"]
[Date "2025.04.04"]
[Round "8.23"]
[White "Perunovic, Milos"]
[Black "Froewis, Georg"]
[Result "1-0"]
[Annotator "RC"]
[ECO "C18"]
[WhiteElo "2501"]
[BlackElo "2429"]
[PlyCount "77"]
[EventDate "2024.08.28"]
[EventType "team-tourn"]
[EventCountry "AUT"]
[SourceTitle "playchess.com"]
[Source "ChessBase"]
[SourceQuality "1"]
[TimeControl "40/5400+30:1800+30"]

1. e4 e6 2. d4 d5 3. Nc3 Bb4 4. e5 Ne7 5. a3 Bxc3+ 6. bxc3 c5 7. Qg4 cxd4 8. Bd3 Qa5 9. Rb1 Nbc6 10. Nf3 Ng6 11. h4 h5 12. Qg3 Nce7 13. Bb5+ Nc6 14. Nxd4 O-O 15. O-O Qc7 16. Re1 Nce7 17. Bd3 Qxc3 18. Bb2 Qd2 19. Re3 Nf5 20. Bxf5 exf5 21. Bc3 f4 22. Qg5 Qxd4 23. Bxd4 fxe3 24. Bxe3 Be6 25. Rxb7 Rfc8 26. Qxh5 Rxc2 27. Qg5 Rc4 28. Rb4 Rac8 29. h5 Nh4 30. h6 Nf5 31. hxg7 Rxb4 32. axb4 Rc4 33. Bc5 a6 34. f3 d4 35. g4 Ne3 36. Qd8+ Kxg7 37. Qg5+ Kh7 38. Bf8 Rc1+ 39. Kh2 1-0

[Event "AUT Bundesliga 2024-25"]
[Site "Austria"]
[Date "2025.04.04"]
[Round "8.24"]
[White "Balint, Peter"]
[Black "Ivanisevic, Ivan"]
[Result "0-1"]
[Annotator "RC"]
[ECO "C63"]
[WhiteElo "2366"]
[BlackElo "2527"]
[PlyCount "176"]
[EventDate "2024.08.28"]
[EventType "team-tourn"]
[EventCountry "AUT"]
[SourceTitle "playchess.com"]
[Source "ChessBase"]
[SourceQuality "1"]
[TimeControl "40/5400+30:1800+30"]

1. e4 e5 2. Nf3 Nc6 3. Bb5 f5 4. d3 fxe4 5. dxe4 Nf6 6. O-O Bc5 7. Nc3 d6 8. Be3 Bxe3 9. fxe3 O-O 10. Bc4+ Kh8 11. Ng5 Qe8 12. Nd5 Qg6 13. h4 Bg4 14. Qe1 h6 15. Qg3 Bh5 16. Nxc7 Rac8 17. Nce6 Rfe8 18. Qh2 Nd4 19. exd4 Rxc4 20. dxe5 dxe5 21. Rf5 Bg4 22. Raf1 Bxf5 23. exf5 Qh5 24. Qxe5 Rxh4 25. Nh3 Rc4 26. Nhf4 Qh2+ 27. Kxh2 Ng4+ 28. Kg3 Nxe5 29. Re1 Nd7 30. c3 Nf6 31. Kf3 Kg8 32. Ng6 Rc5 33. g4 Rd5 34. Re2 Rd3+ 35. Kf4 Rd1 36. Ne5 g5+ 37. Kf3 Rh1 38. Kg2 Rd1 39. Kf3 h5 40. gxh5 Rf1+ 41. Rf2 Rxf2+ 42. Kxf2 Nxh5 43. Kf3 Ng7 44. Ng4 Re7 45. Nxg5 Nxf5 46. Ne4 Kg7 47. Kf4 Nh4 48. Ne3 Ng6+ 49. Kf3 Ne5+ 50. Ke2 Kg6 51. Nd5 Rh7 52. Nf2 Kg5 53. b3 Rh2 54. Ke3 Ng4+ 55. Nxg4 Kxg4 56. a4 Kf5 57. Kd4 Rd2+ 58. Kc5 Ke5 59. c4 Rd3 60. b4 Rg3 61. b5 Rg8 62. b6 a6 63. Nc7 Rg5 64. Nd5 Ke6 65. a5 Kd7 66. Kb4 Kd6 67. Nc3 Kc6 68. Ne4 Rg1 69. Nc3 Re1 70. Na4 Kd6 71. Nc3 Ke5 72. Na4 Rb1+ 73. Kc5 Ra1 74. Kb4 Kd4 75. Nc3 Re1 76. c5 Re6 77. Na2 Re2 78. c6 bxc6 79. Kb3 c5 80. b7 Re8 81. Nc3 Rb8 82. Nb5+ Ke5 83. Nc3 Rxb7+ 84. Kc4 Rc7 85. Nd5 Rc6 86. Nc3 Rc8 87. Nd5 Kd6 88. Nf6 Rf8 0-1

[Event "AUT Bundesliga 2024-25"]
[Site "Austria"]
[Date "2025.04.04"]
[Round "8.30"]
[White "Balogh, Csaba"]
[Black "Csrnko, Werner"]
[Result "1-0"]
[Annotator "RC"]
[ECO "B00"]
[WhiteElo "2542"]
[BlackElo "1933"]
[PlyCount "51"]
[EventDate "2024.08.28"]
[EventType "team-tourn"]
[EventCountry "AUT"]
[SourceTitle "playchess.com"]
[Source "ChessBase"]
[SourceQuality "1"]
[TimeControl "40/5400+30:1800+30"]

1. e4 b6 2. d4 Bb7 3. Bd3 e6 4. Nf3 Be7 5. c4 c5 6. d5 exd5 7. cxd5 d6 8. Nc3 Nf6 9. Bb5+ Nfd7 10. a4 a6 11. Bd3 Nf6 12. O-O Nbd7 13. h3 h6 14. Re1 Qc7 15. Nh4 Ne5 16. Bf1 g5 17. Nf5 O-O-O 18. b4 g4 19. bxc5 bxc5 20. hxg4 Nexg4 21. Bf4 Bf8 22. Rb1 h5 23. Re2 Kd7 24. a5 Ne8 25. Reb2 Bc8 26. Qa4+ 1-0

[Event "AUT Bundesliga 2024-25"]
[Site "Austria"]
[Date "2025.04.04"]
[Round "8.33"]
[White "Martinovic, Sasa"]
[Black "Rubil, Marko"]
[Result "1-0"]
[Annotator "RC"]
[ECO "D02"]
[WhiteElo "2549"]
[BlackElo "2276"]
[PlyCount "91"]
[EventDate "2024.08.28"]
[EventType "team-tourn"]
[EventCountry "AUT"]
[SourceTitle "playchess.com"]
[Source "ChessBase"]
[SourceQuality "1"]
[TimeControl "40/5400+30:1800+30"]

1. Nf3 d5 2. g3 g6 3. Bg2 Bg7 4. d4 Nh6 5. c3 Nf5 6. h4 h6 7. Nbd2 Nd6 8. Nh2 c6 9. h5 g5 10. e4 dxe4 11. Nxe4 Nxe4 12. Bxe4 Nd7 13. O-O Nf6 14. Bg2 Bf5 15. Re1 Qd7 16. Nf3 Bg4 17. Qa4 Nxh5 18. Ne5 Bxe5 19. Rxe5 O-O 20. Bd2 f6 21. Re3 Ng7 22. Rae1 Rae8 23. Qxa7 Nf5 24. Rd3 Nd6 25. d5 Qf5 26. Qe3 Nc4 27. Qd4 Nxb2 28. Rde3 c5 29. Qe4 b5 30. d6 e6 31. Qb7 Rb8 32. Qa7 Qh7 33. Qxh7+ Kxh7 34. f3 Bf5 35. g4 Bg6 36. Rxe6 Nd3 37. Re7+ Kh8 38. R1e6 c4 39. d7 Ne5 40. f4 Nxg4 41. Bc6 Bf5 42. Rd6 gxf4 43. Bxf4 Rg8 44. Kf1 Bg6 45. Rde6 Rbf8 46. Re8 1-0

[Event "AUT Bundesliga 2024-25"]
[Site "Austria"]
[Date "2025.04.04"]
[Round "8.34"]
[White "Kuthan, Andreas"]
[Black "Bosiocic, Marin"]
[Result "0-1"]
[Annotator "RC"]
[ECO "C41"]
[WhiteElo "2136"]
[BlackElo "2522"]
[PlyCount "70"]
[EventDate "2024.08.28"]
[EventType "team-tourn"]
[EventCountry "AUT"]
[SourceTitle "playchess.com"]
[Source "ChessBase"]
[SourceQuality "1"]
[TimeControl "40/5400+30:1800+30"]

1. e4 e5 2. Nf3 d6 3. d4 exd4 4. Nxd4 Nf6 5. Nc3 Be7 6. Qf3 O-O 7. Nf5 Bxf5 8. Qxf5 Nc6 9. Be3 Ne5 10. Be2 g6 11. Qh3 Qd7 12. Qxd7 Nexd7 13. O-O-O c6 14. f4 Rfe8 15. Bf3 Bf8 16. Rhe1 Nb6 17. b3 Nfd7 18. a4 a5 19. g3 f5 20. exf5 gxf5 21. Bd4 d5 22. Ne2 Bb4 23. Rg1 c5 24. Bb2 d4 25. Rd3 c4 26. Rxd4 Re3 27. Bxb7 Rae8 28. Bd5+ Nxd5 29. Rxd5 Nb6 30. Rxf5 Rxe2 31. Be5 Nd7 32. bxc4 Nxe5 33. fxe5 Ba3+ 34. Kd1 Rxh2 35. Rgf1 Rd8+ 0-1

[Event "AUT Bundesliga 2024-25"]
[Site "Austria"]
[Date "2025.04.04"]
[Round "8.35"]
[White "Livaic, Leon"]
[Black "Lovrinovic, Christian"]
[Result "1-0"]
[Annotator "RC"]
[ECO "E71"]
[WhiteElo "2536"]
[BlackElo "2062"]
[PlyCount "97"]
[EventDate "2024.08.28"]
[EventType "team-tourn"]
[EventCountry "AUT"]
[SourceTitle "playchess.com"]
[Source "ChessBase"]
[SourceQuality "1"]
[TimeControl "40/5400+30:1800+30"]

1. d4 Nf6 2. c4 g6 3. Nc3 Bg7 4. e4 d6 5. h3 O-O 6. Be3 e5 7. d5 Na6 8. g4 Nc5 9. f3 a5 10. Qd2 a4 11. Nge2 Ne8 12. h4 f5 13. gxf5 gxf5 14. O-O-O a3 15. b3 f4 16. Bf2 Kh8 17. Kb1 Bd7 18. Bh3 Nf6 19. h5 Ng8 20. Bxc5 dxc5 21. Bxd7 Qxd7 22. Na4 b6 23. Nec3 Rf6 24. Nb5 Bf8 25. Rhg1 Rh6 26. Qg2 Bd6 27. Nxd6 Rxd6 28. Qg5 Qe7 29. Nc3 Rh6 30. Nb5 Rd8 31. Nxa3 Qxg5 32. Rxg5 Re8 33. Nb5 Re7 34. Rdg1 Nf6 35. Rf5 Rg7 36. Rxg7 Kxg7 37. Rxe5 Nxh5 38. Re7+ Kf8 39. Rxc7 Ng7 40. e5 Rh3 41. d6 Rxf3 42. Rxg7 Rf1+ 43. Kc2 f3 44. d7 f2 45. d8=Q+ Kxg7 46. Qf6+ Kg8 47. Nd6 Ra1 48. Qf7+ Kh8 49. Qf8# 1-0

[Event "AUT Bundesliga 2024-25"]
[Site "Austria"]
[Date "2025.04.04"]
[Round "8.36"]
[White "Karelina, Polina"]
[Black "Saric, Ante"]
[Result "0-1"]
[Annotator "RC"]
[ECO "B23"]
[WhiteElo "1903"]
[BlackElo "2490"]
[PlyCount "66"]
[EventDate "2024.08.28"]
[EventType "team-tourn"]
[EventCountry "AUT"]
[SourceTitle "playchess.com"]
[Source "ChessBase"]
[SourceQuality "1"]
[TimeControl "40/5400+30:1800+30"]

1. e4 c5 2. Nc3 d6 3. f4 g6 4. Nf3 Bg7 5. Bc4 Nc6 6. a3 e6 7. d3 Nge7 8. O-O O-O 9. Kh1 b6 10. Qe1 Bb7 11. h4 Nd4 12. Bb3 Nxb3 13. cxb3 Ba6 14. Qd1 d5 15. Re1 dxe4 16. dxe4 Nc6 17. Qxd8 Rfxd8 18. e5 Na5 19. Nd2 Bb7 20. b4 cxb4 21. axb4 Nc6 22. b5 Nb4 23. Re2 a6 24. Nde4 axb5 25. Rxa8 Rxa8 26. Nd6 Bc6 27. Be3 f6 28. Bxb6 fxe5 29. fxe5 Nd3 30. Bd4 b4 31. Nce4 Nxe5 32. Nc5 Nf3 33. Bxg7 Ra1+ 0-1

[Event "AUT Bundesliga 2024-25"]
[Site "Austria"]
[Date "2025.04.04"]
[Round "9.1"]
[White "Hodysh, Yuriy"]
[Black "Parligras, Mircea-Emilian"]
[Result "1/2-1/2"]
[Annotator "ChessBase"]
[ECO "E56"]
[WhiteElo "2401"]
[BlackElo "2507"]
[PlyCount "62"]
[EventDate "2024.08.28"]
[EventType "team-tourn"]
[EventCountry "AUT"]
[SourceTitle "playchess.com"]
[Source "ChessBase"]
[SourceQuality "1"]
[TimeControl "40/5400+30:1800+30"]

1. d4 Nf6 2. c4 e6 3. Nf3 d5 4. Nc3 Bb4 5. e3 O-O 6. Bd3 dxc4 7. Bxc4 c5 8. O-O Nc6 9. a3 Ba5 10. Qd3 h6 11. Ne4 cxd4 12. exd4 Bb6 13. Rd1 e5 14. d5 Nd4 15. Nxd4 Bxd4 16. Nxf6+ Qxf6 17. Be3 Bxb2 18. Ra2 Bf5 19. Qd2 Bd4 20. Bxd4 exd4 21. Qxd4 Qxd4 22. Rxd4 Rac8 23. f3 Rfd8 24. Rb2 b6 25. g4 Bd7 26. d6 b5 27. Bxb5 Rb8 28. Rdb4 Rxb5 29. Rxb5 Bxb5 30. Rxb5 Rxd6 31. Ra5 a6 1/2-1/2

[Event "AUT Bundesliga 2024-25"]
[Site "Austria"]
[Date "2025.04.04"]
[Round "9.2"]
[White "Kozul, Zdenko"]
[Black "Vitouch, Anatol"]
[Result "1-0"]
[Annotator "RC"]
[ECO "D06"]
[WhiteElo "2507"]
[BlackElo "2271"]
[PlyCount "55"]
[EventDate "2024.08.28"]
[EventType "team-tourn"]
[EventCountry "AUT"]
[SourceTitle "playchess.com"]
[Source "ChessBase"]
[SourceQuality "1"]
[TimeControl "40/5400+30:1800+30"]

1. d4 d5 2. c4 c5 3. cxd5 Qxd5 4. Nf3 cxd4 5. Nc3 Qa5 6. Nxd4 Nf6 7. a3 e5 8. Nb3 Qc7 9. Bg5 Be6 10. Bxf6 gxf6 11. Nd5 Bxd5 12. Qxd5 Nc6 13. e3 Rd8 14. Qe4 Qb6 15. Bc4 Na5 16. Nxa5 Qxa5+ 17. Ke2 Rd2+ 18. Kf3 Be7 19. g3 Qb6 20. Rhd1 Qxb2 21. Rxd2 Qxa1 22. Kg2 Qxa3 23. Qxb7 O-O 24. Rd7 Qb4 25. Qd5 Qc5 26. Qe4 Rd8 27. Bd3 f5 28. Qxf5 1-0

[Event "AUT Bundesliga 2024-25"]
[Site "Austria"]
[Date "2025.04.04"]
[Round "9.15"]
[White "Blohberger, Felix"]
[Black "Vogel, Roven"]
[Result "1/2-1/2"]
[Annotator "RC"]
[ECO "E04"]
[WhiteElo "2511"]
[BlackElo "2557"]
[PlyCount "62"]
[EventDate "2024.08.28"]
[EventType "team-tourn"]
[EventCountry "AUT"]
[SourceTitle "playchess.com"]
[Source "ChessBase"]
[SourceQuality "1"]
[TimeControl "40/5400+30:1800+30"]

1. d4 Nf6 2. Nf3 d5 3. c4 e6 4. g3 dxc4 5. Bg2 a6 6. O-O Nc6 7. Qd2 Bd7 8. Ne5 Nxe5 9. dxe5 Nd5 10. Rd1 Ba4 11. Rf1 Bc5 12. Nc3 Bc6 13. Rd1 Nxc3 14. Bxc6+ bxc6 15. Qxd8+ Rxd8 16. Rxd8+ Kxd8 17. bxc3 Kc8 18. Bf4 Rd8 19. a4 Rd5 20. h4 Bb6 21. Kg2 Ba5 22. Rc1 Kd7 23. Kf3 c5 24. h5 h6 25. g4 Kc6 26. Ke4 Rd8 27. Rc2 Rd1 28. Bc1 Rd8 29. Be3 Rd1 30. Bc1 Rd8 31. Be3 Rd1 1/2-1/2

[Event "AUT Bundesliga 2024-25"]
[Site "Austria"]
[Date "2025.04.04"]
[Round "9.21"]
[White "Janzelj, Tim"]
[Black "Erdos, Viktor"]
[Result "1/2-1/2"]
[Annotator "RC"]
[ECO "A03"]
[WhiteElo "2404"]
[BlackElo "2542"]
[PlyCount "62"]
[EventDate "2024.08.28"]
[EventType "team-tourn"]
[EventCountry "AUT"]
[SourceTitle "playchess.com"]
[Source "ChessBase"]
[SourceQuality "1"]
[TimeControl "40/5400+30:1800+30"]

1. f4 d5 2. Nf3 g6 3. d3 Nf6 4. Nbd2 Nc6 5. g3 Bg7 6. Bg2 O-O 7. O-O e5 8. fxe5 Ng4 9. Nb3 Ngxe5 10. c3 Nxf3+ 11. exf3 a5 12. d4 b6 13. a4 Re8 14. Bf4 Ba6 15. Re1 Rxe1+ 16. Qxe1 Qd7 17. Bf1 Re8 18. Qf2 Bxf1 19. Qxf1 Nd8 20. Kf2 Ne6 21. Be3 Bf8 22. Qb5 Qxb5 23. axb5 Bd6 24. Nc1 Rc8 25. Ke2 Kf8 26. b3 c6 27. bxc6 Rxc6 28. Kd3 Rc8 29. Ne2 Nc7 30. h4 Ke7 31. g4 Kd7 1/2-1/2

[Event "AUT Bundesliga 2024-25"]
[Site "Austria"]
[Date "2025.04.04"]
[Round "9.22"]
[White "Sankalp Gupta"]
[Black "Sebenik, Matej"]
[Result "1-0"]
[Annotator "RC"]
[ECO "C42"]
[WhiteElo "2548"]
[BlackElo "2491"]
[PlyCount "73"]
[EventDate "2024.08.28"]
[EventType "team-tourn"]
[EventCountry "AUT"]
[SourceTitle "playchess.com"]
[Source "ChessBase"]
[SourceQuality "1"]
[TimeControl "40/5400+30:1800+30"]

1. e4 e5 2. Nf3 Nf6 3. Nxe5 d6 4. Nf3 Nxe4 5. Nc3 Nxc3 6. dxc3 Be7 7. Be3 Nd7 8. Qd2 Ne5 9. Be2 O-O 10. Bf4 Nxf3+ 11. Bxf3 Be6 12. O-O-O Rb8 13. Kb1 Qd7 14. h4 b5 15. h5 h6 16. g4 b4 17. c4 Bxc4 18. b3 Be6 19. g5 Bxg5 20. Bxg5 hxg5 21. h6 Rb5 22. hxg7 Kxg7 23. Be4 Rg8 24. f4 Kf8 25. Bd3 Rc5 26. Qxb4 Bf5 27. fxg5 a5 28. Qb7 Kg7 29. Qg2 Re5 30. Qh2 Qe6 31. g6 fxg6 32. Bxf5 Rxf5 33. Rde1 Qf7 34. Qh6+ Kf6 35. Rhf1 Qd5 36. Qh4+ g5 37. Qh6+ 1-0

[Event "AUT Bundesliga 2024-25"]
[Site "Austria"]
[Date "2025.04.04"]
[Round "9.23"]
[White "Schreiner, Peter"]
[Black "Perunovic, Milos"]
[Result "1/2-1/2"]
[Annotator "RC"]
[ECO "A30"]
[WhiteElo "2425"]
[BlackElo "2501"]
[PlyCount "77"]
[EventDate "2024.08.28"]
[EventType "team-tourn"]
[EventCountry "AUT"]
[SourceTitle "playchess.com"]
[Source "ChessBase"]
[SourceQuality "1"]
[TimeControl "40/5400+30:1800+30"]

1. Nf3 Nf6 2. g3 c5 3. Bg2 Nc6 4. c4 d5 5. cxd5 Nxd5 6. d4 cxd4 7. Nxd4 Ndb4 8. Nxc6 Qxd1+ 9. Kxd1 Nxc6 10. Nc3 Bd7 11. Be3 Rc8 12. Ke1 g6 13. f4 Bg7 14. Rc1 O-O 15. Kf2 e5 16. Rhd1 exf4 17. gxf4 Be6 18. Nd5 Rfe8 19. b4 a6 20. a4 Bb2 21. Rc2 Bxd5 22. Bf3 Be4 23. Bxe4 Bd4 24. Bd5 Bf6 25. Rdc1 Rb8 26. Bxc6 bxc6 27. Rxc6 Bh4+ 28. Kf3 Rxb4 29. Rc8 Bd8 30. Rd1 Rbe4 31. Bf2 Ba5 32. Rxe8+ Rxe8 33. Rd6 Ra8 34. Bc5 Be1 35. Bb6 Bb4 36. Rd4 a5 37. Rd8+ Rxd8 38. Bxd8 f5 39. e4 1/2-1/2

[Event "AUT Bundesliga 2024-25"]
[Site "Austria"]
[Date "2025.04.04"]
[Round "9.24"]
[White "Ivanisevic, Ivan"]
[Black "Diermair, Andreas"]
[Result "1/2-1/2"]
[Annotator "RC"]
[ECO "D38"]
[WhiteElo "2527"]
[BlackElo "2445"]
[PlyCount "62"]
[EventDate "2024.08.28"]
[EventType "team-tourn"]
[EventCountry "AUT"]
[SourceTitle "playchess.com"]
[Source "ChessBase"]
[SourceQuality "1"]
[TimeControl "40/5400+30:1800+30"]

1. d4 e6 2. c4 Nf6 3. Nc3 Bb4 4. Nf3 d5 5. Qc2 dxc4 6. a3 Bxc3+ 7. bxc3 c5 8. e4 Nc6 9. Bxc4 cxd4 10. cxd4 Nxd4 11. Qb2 e5 12. Be3 O-O 13. Nxd4 exd4 14. Bxd4 Nxe4 15. O-O Nd6 16. Bb3 Nf5 17. Bc3 Qg5 18. Rae1 Bd7 19. Re5 Rfe8 20. Bd5 Bc6 21. Bxc6 bxc6 22. Qb7 Qg6 23. Rfe1 f6 24. Rxe8+ Rxe8 25. Qxc6 Rxe1+ 26. Bxe1 h5 27. Qe4 Qg4 28. Qe8+ Kh7 29. h3 Qd1 30. Qe4 g6 31. Kf1 Nd4 1/2-1/2

[Event "AUT Bundesliga 2024-25"]
[Site "Austria"]
[Date "2025.04.04"]
[Round "9.27"]
[White "Zilka, Stepan"]
[Black "Deuer, Marius"]
[Result "1/2-1/2"]
[Annotator "RC"]
[ECO "B11"]
[WhiteElo "2515"]
[BlackElo "2464"]
[PlyCount "97"]
[EventDate "2024.08.28"]
[EventType "team-tourn"]
[EventCountry "AUT"]
[SourceTitle "playchess.com"]
[Source "ChessBase"]
[SourceQuality "1"]
[TimeControl "40/5400+30:1800+30"]

1. e4 c6 2. Nf3 d5 3. Nc3 Bg4 4. h3 Bxf3 5. Qxf3 e6 6. g3 d4 7. Ne2 Nd7 8. Bg2 c5 9. O-O Ne7 10. Qb3 Qb6 11. d3 Nc6 12. Bd2 Bd6 13. f4 e5 14. h4 Qxb3 15. axb3 O-O-O 16. Bh3 Kb8 17. Kg2 Rhf8 18. Ng1 b5 19. Nf3 Kb7 20. Rf2 h6 21. Raf1 f6 22. Be6 Nb6 23. Kh3 Rde8 24. Bf5 c4 25. fxe5 fxe5 26. bxc4 bxc4 27. g4 Bb4 28. dxc4 Nxc4 29. Bd7 Nxd2 30. Nxd2 Rxf2 31. Rxf2 Re7 32. Bxc6+ Kxc6 33. Nc4 Kc5 34. b3 Bc3 35. g5 hxg5 36. hxg5 d3 37. cxd3 Kd4 38. Rf3 g6 39. Kg4 Rb7 40. Rf6 Kxd3 41. Rxg6 Rxb3 42. Nd6 Rb1 43. Rh6 Rg1+ 44. Kf5 Rxg5+ 45. Kxg5 Bd2+ 46. Kg6 Bxh6 47. Kxh6 a5 48. Nb7 Kxe4 49. Nxa5 1/2-1/2

[Event "AUT Bundesliga 2024-25"]
[Site "Austria"]
[Date "2025.04.04"]
[Round "9.31"]
[White "Ragger, Markus"]
[Black "Horvath, Dominik"]
[Result "1/2-1/2"]
[Annotator "RC"]
[ECO "C54"]
[WhiteElo "2585"]
[BlackElo "2543"]
[PlyCount "49"]
[EventDate "2024.08.28"]
[EventType "team-tourn"]
[EventCountry "AUT"]
[SourceTitle "playchess.com"]
[Source "ChessBase"]
[SourceQuality "1"]
[TimeControl "40/5400+30:1800+30"]

1. e4 e5 2. Nf3 Nc6 3. Bc4 Bc5 4. c3 Nf6 5. d4 exd4 6. e5 d5 7. Bb5 Ne4 8. cxd4 Bb6 9. Nc3 O-O 10. Be3 Bg4 11. h3 Bh5 12. Qc2 Ba5 13. O-O Bxf3 14. gxf3 Nxd4 15. Bxd4 Qg5+ 16. Kh1 Bxc3 17. bxc3 Qf5 18. Kg2 Qg5+ 19. Kh1 Qf5 20. fxe4 Qxh3+ 21. Kg1 Qg4+ 22. Kh1 Qh3+ 23. Kg1 Qg4+ 24. Kh1 Qh3+ 25. Kg1 1/2-1/2

[Event "AUT Bundesliga 2024-25"]
[Site "Austria"]
[Date "2025.04.04"]
[Round "9.34"]
[White "Korpa, Bence"]
[Black "Handler, Lukas"]
[Result "1-0"]
[Annotator "RC"]
[ECO "D00"]
[WhiteElo "2543"]
[BlackElo "2444"]
[PlyCount "89"]
[EventDate "2024.08.28"]
[EventType "team-tourn"]
[EventCountry "AUT"]
[SourceTitle "playchess.com"]
[Source "ChessBase"]
[SourceQuality "1"]
[TimeControl "40/5400+30:1800+30"]

1. d4 d5 2. Bf4 Nf6 3. e3 c5 4. c3 Nc6 5. Nd2 e6 6. Bd3 Bd6 7. Bxd6 Qxd6 8. f4 cxd4 9. cxd4 Bd7 10. a3 Ne7 11. Ngf3 Qb6 12. Qe2 Qxb2 13. O-O Qb6 14. Ne5 Bc6 15. Rab1 Qc7 16. Qf3 Nd7 17. Qh5 g6 18. Qh6 Nxe5 19. fxe5 Nf5 20. Bxf5 gxf5 21. Nb3 O-O-O 22. Rfc1 Kb8 23. Nc5 Qe7 24. Nxe6 fxe6 25. Rxc6 Rhe8 26. a4 Rc8 27. Rxc8+ Rxc8 28. h3 Rg8 29. Rb2 Rg6 30. Qh5 Qf7 31. Qh4 Rg8 32. a5 Qg7 33. a6 b6 34. Kh2 Rc8 35. g4 fxg4 36. hxg4 Kc7 37. Kg3 Kd7 38. Rh2 Rh8 39. Qh5 h6 40. Rh1 b5 41. Rc1 b4 42. e4 Rf8 43. exd5 exd5 44. Rc5 Qh7 45. e6+ 1-0

[Event "AUT Bundesliga 2024-25"]
[Site "Austria"]
[Date "2025.04.04"]
[Round "9.35"]
[White "Bauer, Sebastian"]
[Black "Subelj, Jan"]
[Result "1/2-1/2"]
[Annotator "RC"]
[ECO "B13"]
[WhiteElo "2312"]
[BlackElo "2528"]
[PlyCount "237"]
[EventDate "2024.08.28"]
[EventType "team-tourn"]
[EventCountry "AUT"]
[SourceTitle "playchess.com"]
[Source "ChessBase"]
[SourceQuality "1"]
[TimeControl "40/5400+30:1800+30"]

1. e4 c6 2. d4 d5 3. exd5 cxd5 4. Bd3 Nf6 5. c3 Bg4 6. Qb3 Qc7 7. h3 Bh5 8. Ne2 Nc6 9. Bf4 Qd7 10. Nd2 e6 11. Ng1 Bd6 12. Bxd6 Qxd6 13. Ngf3 O-O 14. O-O Rab8 15. Rfe1 Qc7 16. a3 Rfc8 17. Qc2 a5 18. a4 Nb4 19. cxb4 Qxc2 20. Bxc2 Rxc2 21. bxa5 Rxb2 22. Reb1 Rxb1+ 23. Rxb1 Nd7 24. Ne5 Nxe5 25. dxe5 Be2 26. Rc1 h6 27. f4 Rd8 28. Kf2 Ba6 29. Rc5 d4 30. Kf3 d3 31. Ke3 g5 32. fxg5 hxg5 33. Ke4 Kg7 34. Ke3 Kh6 35. Ke4 Kg6 36. Ke3 Kf5 37. Rc7 Kg6 38. Rc5 Kh6 39. Ke4 Kg7 40. Ke3 Kg6 41. Ke4 Rd7 42. Ke3 Kf5 43. Ne4 d2 44. Nd6+ Kg6 45. Kxd2 f6 46. Kc3 fxe5 47. Nc4 Bxc4 48. Rxc4 Kf5 49. g4+ Kf6 50. Kb4 Rd5 51. Kc3 Rxa5 52. Kd3 Rd5+ 53. Ke4 Rd2 54. Rb4 Ra2 55. Kf3 Ra3+ 56. Kg2 b6 57. Kh2 Rf3 58. Rxb6 e4 59. Rb5 e3 60. Kg2 Rf2+ 61. Kg1 Ra2 62. Kf1 Rxa4 63. Ke2 Ra2+ 64. Kxe3 Rh2 65. Ra5 Rxh3+ 66. Kf2 Rd3 67. Kg2 Rd5 68. Ra8 Ke5 69. Re8 Ra5 70. Rb8 Kd4 71. Rb4+ Ke5 72. Kf3 Ra3+ 73. Kf2 Rd3 74. Rb5+ Rd5 75. Rb6 Rc5 76. Ra6 Kd5 77. Rb6 Ra5 78. Rb8 Kd4 79. Rb4+ Kc5 80. Rb8 Kc4 81. Ke3 Re5+ 82. Kf3 Kc3 83. Rd8 Kc4 84. Rd7 Kc5 85. Rd8 Rd5 86. Ra8 Kd6 87. Ke4 Rb5 88. Ra6+ Ke7 89. Ra4 Rb3 90. Ke5 Re3+ 91. Kd4 Re1 92. Kd3 Kf6 93. Kd2 Rf1 94. Ke3 Rb1 95. Kf3 Rb3+ 96. Kf2 Ke5 97. Ra5+ Kf6 98. Ra4 Rd3 99. Ke2 Rd5 100. Kf3 Ke5 101. Re4+ Kd6 102. Ra4 Rc5 103. Ra8 Kd5 104. Ra3 e5 105. Rd3+ Ke6 106. Ra3 Rc4 107. Ra6+ Kd5 108. Rg6 Rc3+ 109. Kf2 Kd4 110. Rxg5 e4 111. Ra5 Rc2+ 112. Ke1 Ke3 113. Ra3+ Kf4 114. Rb3 Kxg4 115. Ra3 Rh2 116. Rb3 Rh3 117. Rxh3 Kxh3 118. Ke2 e3 119. Kxe3 1/2-1/2

[Event "AUT Bundesliga 2024-25"]
[Site "Austria"]
[Date "2025.04.05"]
[Round "10.4"]
[White "Korpa, Bence"]
[Black "Fahrner, Kurt"]
[Result "1-0"]
[Annotator "RC"]
[ECO "A41"]
[WhiteElo "2543"]
[BlackElo "2266"]
[PlyCount "53"]
[EventDate "2024.08.28"]
[EventType "team-tourn"]
[EventCountry "AUT"]
[SourceTitle "playchess.com"]
[Source "ChessBase"]
[SourceQuality "1"]
[TimeControl "40/5400+30:1800+30"]

1. Nf3 d6 2. d4 g6 3. b4 Bg7 4. Bb2 f5 5. e3 Nf6 6. c4 c6 7. Nc3 Na6 8. Qb3 Nc7 9. a4 O-O 10. Be2 Kh8 11. Rd1 Be6 12. Ng5 Bg8 13. h4 Qe8 14. d5 Rd8 15. Bf3 e5 16. dxe6 Nxe6 17. Ne2 a5 18. bxa5 Nc5 19. Qc2 Nfe4 20. Nf4 Be5 21. Bxe4 fxe4 22. Rd4 Kg7 23. Nxe4 Kh6 24. h5 g5 25. Nxd6 Rxd6 26. Rxd6+ Kg7 27. Ng6 1-0